 Dungeon Crawl Stone Soup version 0.22-a0-782-g038298e (webtiles) character file.

61 Kuinu the Firebug (level 3, -1/26 HPs)
             Began as a Draconian Fire Elementalist on July 20, 2018.
             Slain by a gnoll
             ... wielding a +0 whip
              (7 damage)
             ... on level 2 of the Dungeon.
             The game lasted 00:07:09 (1790 turns).

Kuinu the Firebug (Draconian Fire Elementalist)     Turns: 1790, Time: 00:07:10

Health: -1/26      AC:  5    Str: 10    XL:     3   Next: 83%
Magic:  6/6        EV: 12    Int: 16    God:
Gold:   104        SH:  0    Dex: 11    Spells: 3/6 levels left

rFire    . . .     SeeInvis .   k - +1 dagger (venom)
rCold    . . .     Gourm    .   (no shield)
rNeg     . . .     Faith    .   (armour unavailable)
rPois    .         Spirit   .   (helmet restricted)
rElec    .         Reflect  .   (no cloak)
rCorr    .         Harm     .   (no gloves)
MR       +....                  (no boots)
Stlth    ++........             (no amulet)
HPRegen  0.08/turn              e - ring of protection from magic (curse)
MPRegen  0.10/turn              (no ring)

@: no status effects
A: unfitting armour, cold-blooded, AC +5
a: no special abilities


You were on level 2 of the Dungeon.
You were not hungry.

You visited 1 branch of the dungeon, and saw 2 of its levels.

You collected 104 gold pieces.

Inventory:

Hand Weapons
 c - a +0 dagger
 k - a +1 dagger of venom (weapon)
Armour
 f - a +0 naga barding
Jewellery
 e - a cursed ring of protection from magic (left hand)
Scrolls
 g - a scroll of remove curse {unknown}
 h - a scroll of magic mapping {unknown}
 i - a scroll of teleportation {unknown}
Potions
 a - a potion of curing {unknown}
 d - a potion of invisibility {unknown}
Comestibles
 b - 3 rations
 j - 4 chunks of flesh


   Skills:
 + Level 2.0 Dodging
 + Level 2.2 Stealth
 * Level 2.4 Spellcasting
 * Level 1.7 Conjurations
 * Level 3.8 Fire Magic


You had 3 spell levels left.
You knew the following spells:

 Your Spells              Type           Power        Failure   Level  Hunger
a - Flame Tongue          Conj/Fire      ##...        6%          1    #......
b - Throw Flame           Conj/Fire      ##....       10%         2    ###....

Your spell library contained the following spells:

 Spells                   Type           Power        Failure   Level  Hunger
 Fireball                 Conj/Fire      ##........   86%         5    ######.
 Conjure Flame            Conj/Fire      ##......     19%         3    ###....
 Sticky Flame             Conj/Fire      ##......     52%         4    #####..
 Inner Flame              Hex/Fire       #.......     26%         3    ###....


Dungeon Overview and Level Annotations

Branches:
Dungeon (2/15)

Altars:
Trog
Uskayaw


Innate Abilities, Weirdness & Mutations

Your plain brown scales are hard. (AC +5)
You cannot fit into any form of body armour.
You are cold-blooded and may be slowed by cold attacks.


Message History

* * * LOW HITPOINT WARNING * * *
You barely miss the gnoll.
The gnoll is moderately wounded.
The gnoll barely misses you.
You closely miss the gnoll.
The gnoll is moderately wounded.
The gnoll misses you.
Casting: Flame Tongue (safe; 6% risk of failure)
Confirm with . or Enter, or press ? or * to list all spells.
Aiming: Flame Tongue (safe; 6% risk of failure)
Press: ? - help, Shift-Dir - straight line, f/p - gnoll
Aim: a gnoll, wielding a whip (moderately wounded)
You miscast Flame Tongue.
You are very lightly contaminated with residual magic.
Nothing appears to happen.
The gnoll hits you with a whip.
* * * LOW HITPOINT WARNING * * *
Okay, then.
Your magical contamination has completely faded away.
The gnoll hits you with a whip!
You die...

#....g...........
#.#####........##
#g# #####...##
#.### ##.## #...#
#.# ###g# #.# #.#
##'## #######g##
##...## #...@g...#
##.....##
#.####...#
##.......#
##....###......รท..
#.......+.........
#.....###.........
# #.#.#.#
#.......)#
#.##.###.#
#.#.....##
#........#
#.(......#
#####.#####
#....#...#


You could see 2 gnolls.

Vanquished Creatures
  An adder (D:2)
  2 gnolls
  A dart slug (D:1)
  2 giant cockroaches
  3 hobgoblins
  2 ball pythons
  A bat (D:1)
  3 frilled lizards (D:1)
  7 goblins
  6 kobolds
  4 rats
32 creatures vanquished.

Notes
Turn   | Place    | Note
-------+----------+-------------------------------------------
     0 | D:1      | Kuinu the Draconian Fire Elementalist began the quest for the Orb.
     0 | D:1      | Reached XP level 1. HP: 14/14 MP: 3/3
   169 | D:1      | Reached XP level 2. HP: 20/20 MP: 0/5
   521 | D:1      | Learned a level 2 spell: Throw Flame
   867 | D:1      | Reached XP level 3. HP: 26/26 MP: 0/6
  1593 | D:2      | Found a faded altar of an unknown god.
  1680 | D:2      | Found a bloodstained altar of Trog.
  1680 | D:2      | Found a hide-covered altar of Uskayaw.
  1790 | D:2      | Slain by a gnoll

Vault maps used:
D:1:      ebering_trefoil_twist, st_stairs_12
D:2:      grunt_temple_overflow_open, chequers_ecumenical_altar_simple_redux

Skill      XL: |  1  2  3 |
---------------+----------+-----
Stealth        | 2 |  2.2
Dodging        | 2 |  2.0
Spellcasting   | |  2.4
Conjurations   | |  1.7
Fire Magic     | |  3.8

Action                   || total
-------------------------++-------
Melee: Dagger            ||    73
       Tailslap          ||     3
       Unarmed           ||     1
 Cast: Flame Tongue      ||    33
       Throw Flame       ||    10
  Eat: Ration            ||     1
       Chunk             ||     1
Armor: Skin              ||    18
Dodge: Dodged            ||    50

Table legend:
 A = Spawn XP
 B = Non-spawn XP
 C = Spawn XP percentage of total XP
 D = Spawn monster count
 E = Non-spawn monster count
 F = Spawn count percentage of total count
 G = Total turns spent on level
                    A         B        C        D         E        F      G
               +---------+---------+-------+---------+---------+-------+---------
         Total |       0 |      88 |   0.0 |       0 |      32 |   0.0 |  1790
               +---------+---------+-------+---------+---------+-------+---------
           D:1 |       0 |      48 |   0.0 |       0 |      23 |   0.0 |  1186
           D:2 |       0 |      40 |   0.0 |       0 |       9 |   0.0 |   604
               +---------+---------+-------+---------+---------+-------+---------
